Map: Rhoskallian LE

Players

Rell - Winner!

  • Race: Terran Terran
  • League: Platinum
  • Spawn Location: 11:00

buzzbii - Winner!

  • Race: Protoss Protoss
  • Spawn Location: 12:00

MattBarry

  • Race: Terran Terran
  • Spawn Location: 5:00

MattBarry

  • Race: Zerg Zerg
  • Spawn Location: 6:00

VOD

Have the link to the VOD?

Description

Time

  • Played on: Dec. 25, 2022, 7:30 p.m.
  • Length: 10:13
Show
View Real Time Build Order
Export as new Build Order

Rell Terran - Winner!

Build Orders:  

Get SALT Encoding   

  12  0:01  SCV  
  13  0:13  SCV  
  14  0:20  Supply Depot  
  14  0:25  SCV  
  15  0:46  SCV  
  15  0:48  Barracks  
  16  1:00  SCV  
  17  1:10  Barracks  
  17  1:16  SCV  
  18  1:19  Barracks  
  18  1:38  Barracks  
  18  1:39  Supply Depot  
  18  1:41  Marine  
  19  1:57  Marine  
  19  2:00  Marine  
  19  2:01  Supply Depot  
  21  2:06  Marine  
  22  2:16  Marine  
  22  2:19  Marine  
  24  2:23  Marine  
  24  2:25  Bunker  
  24  2:34  Marine  
  21  3:05  Marine x2  
  21  3:06  Marine x2  
  22  3:26  Marine x3  
  24  3:27  Marine  
  24  3:32  SCV  
  26  3:44  SCV, Command Center  
  26  3:49  Marine x4  
  30  4:02  Refinery  
  30  4:05  Refinery  
  19  4:37  Marine  
  19  4:38  Marine x2  
  22  4:40  Marine  
  22  4:43  SCV  
  24  4:56  SCV x2  
  24  4:59  Refinery  
  26  5:02  Refinery  
  26  5:08  SCV  
  27  5:20  SCV  
  24  5:30  Factory  
  24  5:32  SCV  
  25  5:44  SCV  
  26  5:56  SCV x2  
  28  6:08  SCV  
  28  6:09  SCV  
  30  6:18  Factory Tech Lab  
  30  6:19  Starport  
  30  6:21  SCV  
  30  6:23  Starport  
  30  6:25  Starport, SCV  
  32  6:33  SCV  
  32  6:37  SCV  
  34  6:45  SCV  
  35  6:47  Factory Tech Lab  
  35  6:57  SCV  
  36  7:04  Starport Tech Lab, Fusion Core  
  36  7:09  SCV  
  37  7:21  SCV  
  38  7:28  Factory Tech Lab  
  38  7:31  Command Center  
  38  7:33  SCV  
  39  7:45  SCV  
  40  7:54  Battlecruiser x2  
  52  8:01  Supply Depot  
  52  8:02  SCV  
  53  8:12  Command Center  
  53  8:14  SCV  
  54  8:21  Supply Depot  
  54  8:29  SCV  
  55  8:37  Command Center  
  55  8:38  Orbital Command  
  55  8:50  SCV  
  56  9:02  SCV  
  57  9:14  SCV  
  58  9:26  SCV  
  58  9:27  SCV  
  72  9:38  SCV  
  72  9:39  SCV  
  74  9:51  SCV  
Show
View Real Time Build Order
Export as new Build Order

buzzbii Protoss - Winner!

Build Orders: Cannon Rush 

Get SALT Encoding   

  12  0:02  Probe  
  13  0:19  Pylon  
  13  0:23  Probe (Chrono Boost)  
  14  0:32  Probe (Chrono Boost)  
  15  0:37  Probe (Chrono Boost)  
  16  0:45  Forge  
  16  0:49  Probe  
  17  1:01  Pylon, Probe  
  18  1:07  Pylon  
  18  1:22  Photon Cannon  
  18  1:28  Photon Cannon  
  18  1:37  Photon Cannon  
  18  2:06  Photon Cannon  
  18  2:18  Nexus  
  18  2:20  Probe (Chrono Boost)  
  19  2:25  Assimilator  
  20  2:30  Probe (Chrono Boost)  
  20  2:34  Assimilator  
  20  2:42  Assimilator  
  20  2:48  Probe (Chrono Boost)  
  21  2:57  Probe (Chrono Boost)  
  22  3:02  Probe (Chrono Boost)  
  23  3:07  Photon Cannon  
  23  3:12  Pylon  
  23  3:19  Probe (Chrono Boost)  
  24  3:26  Gateway  
  24  3:29  Probe (Chrono Boost)  
  24  3:34  Probe (Chrono Boost)  
  25  3:35  Photon Cannon  
  25  3:43  Probe (Chrono Boost)  
  26  3:53  Probe (Chrono Boost)  
  26  3:55  Pylon  
  27  3:58  Probe (Chrono Boost)  
  28  4:04  Pylon  
  28  4:10  Probe  
  29  4:17  Pylon  
  29  4:22  Probe  
  29  4:23  Photon Cannon  
  30  4:29  Photon Cannon  
  30  4:33  Pylon  
  30  4:34  Probe  
  31  4:42  Cybernetics Core  
  31  4:48  Photon Cannon  
  31  4:52  Probe (Chrono Boost)  
  32  5:03  Probe (Chrono Boost)  
  32  5:04  Assimilator  
  33  5:08  Probe (Chrono Boost)  
  34  5:19  Stargate  
  34  5:21  Stargate  
  34  5:23  Stargate  
  34  5:26  Probe  
  35  5:38  Probe  
  36  5:49  Pylon  
  36  5:50  Probe (Chrono Boost)  
  37  6:01  Probe (Chrono Boost)  
  38  6:06  Probe (Chrono Boost)  
  38  6:07  Nexus  
  39  6:17  Probe  
  39  6:18  Void Ray x2  
  48  6:19  Void Ray  
  52  6:29  Probe  
  53  6:41  Probe (Chrono Boost)  
  53  6:45  Protoss Air Weapons Level 1 (Chrono Boost)  
  54  6:53  Probe (Chrono Boost)  
  55  6:58  Assimilator, Probe (Chrono Boost)  
  60  7:01  Void Ray  
  68  7:08  Void Ray  
  68  7:11  Void Ray  
  68  7:21  Pylon  
  68  7:22  Pylon  
  68  7:34  Photon Cannon  
  68  7:37  Photon Cannon  
  80  7:59  Void Ray x3  
  80  8:36  Stargate  
Show
View Real Time Build Order
Export as new Build Order

MattBarry Terran 

Build Orders: Mech 

Get SALT Encoding   

  12  0:00  SCV  
  13  0:12  SCV  
  14  0:18  Supply Depot  
  14  0:24  SCV  
  15  0:40  SCV  
  15  0:41  Barracks  
  16  0:52  SCV  
  16  0:54  Refinery  
  18  1:04  SCV  
  18  1:16  SCV  
  19  1:28  Marine  
  19  1:29  Orbital Command  
  19  1:32  Supply Depot  
  20  1:46  Barracks Tech Lab  
  20  2:05  Marine  
  21  2:08  Factory  
  21  2:11  SCV  
  21  2:15  Command Center  
  22  2:23  SCV  
  23  2:30  Marine  
  23  2:36  SCV  
  20  3:01  Marauder  
  22  3:12  Widow Mine  
  22  3:27  Marauder  
  24  3:28  Orbital Command  
  24  4:02  SCV  
  25  4:03  Refinery  
  25  4:06  SCV  
  26  4:14  SCV  
  23  4:18  SCV  
  23  4:19  Marine  
  23  4:20  Widow Mine  
  27  4:24  Supply Depot  
  27  4:26  SCV  
  27  4:31  SCV  
  29  4:37  Marine  
  30  4:39  SCV  
  30  4:41  Siege Tank  
  30  4:43  SCV  
  35  4:51  SCV  
  36  4:55  SCV  
  37  5:03  Factory  
  37  5:09  Marine  
  37  5:13  SCV x2  
  40  5:17  Supply Depot  
  40  5:25  SCV x2  
  42  5:29  Marine  
  42  5:30  Siege Tank  
  46  5:36  Supply Depot  
  46  5:37  SCV x2  
  48  5:51  SCV  
  48  5:52  SCV  
  50  6:00  Factory  
  50  6:01  Factory Reactor  
  50  6:18  Marine, Siege Tank  
  54  6:38  Orbital Command  
  54  7:02  Factory Reactor  
  54  7:05  Hellion x2  
  54  7:06  Siege Tank  
  61  7:09  SCV x2  
  63  7:21  Factory, SCV x2  
  65  7:30  Refinery  
  65  7:32  Refinery  
  65  7:33  SCV  
  65  7:34  Engineering Bay  
  65  7:35  Marine  
  67  7:48  Armory  
  67  7:56  Command Center  
  67  8:04  Missile Turret  
  67  8:05  Missile Turret  
  67  8:08  Missile Turret, SCV x2  
  69  8:17  Widow Mine x3  
  69  8:18  Supply Depot  
  75  8:20  Supply Depot  
  75  8:21  Factory Tech Lab  
  75  8:25  Missile Turret  
  75  8:29  SCV x2  
  77  8:36  Missile Turret  
  77  8:40  Thor  
  83  8:47  Supply Depot x2  
  83  8:48  SCV  
  83  8:49  SCV  
  85  9:01  SCV  
  86  9:15  Thor  
Show
View Real Time Build Order
Export as new Build Order

MattBarry Zerg 

Build Orders: Hatch First 

Get SALT Encoding   

  12  0:02  Drone  
  13  0:12  Overlord  
  13  0:18  Drone  
  14  0:31  Drone  
  14  0:32  Drone  
  16  1:00  Hatchery  
  15  1:06  Spawning Pool  
  15  1:09  Drone  
  15  1:13  Drone  
  15  1:17  Drone  
  17  1:23  Extractor  
  16  1:30  Drone  
  17  1:49  Drone  
  17  1:52  Drone  
  20  2:06  Queen  
  22  2:09  Overlord  
  22  2:36  Metabolic Boost  
  22  2:38  Zergling x2  
  22  2:39  Zergling x4  
  24  2:55  Spine Crawler  
  23  3:04  Evolution Chamber  
  22  3:16  Drone  
  22  3:17  Drone x2  
  25  3:32  Zerg Melee Weapons Level 1  
  25  3:34  Zergling x2  
  26  3:42  Spine Crawler  
  25  3:49  Drone  
  25  3:51  Drone  
  27  3:57  Hatchery  
  26  4:08  Overlord  
  26  4:29  Zergling x2  
  26  4:30  Zergling x4  
  25  4:39  Queen  
  25  5:27  Drone x4  
  25  5:28  Drone x4  
  31  5:34  Lair  
  33  6:09  Zergling x4  
  33  6:10  Zergling x8  
  39  7:00  Hatchery  
  38  7:05  Overlord  
  38  7:06  Overlord  
  38  7:07  Zergling x4  
  38  7:08  Zergling x2  
  41  7:12  Spore Crawler  
  40  7:17  Extractor  
  40  7:18  Spore Crawler  
  40  7:20  Zerg Ground Armor Level 1  
  38  7:26  Pneumatized Carapace  
  37  7:48  Spore Crawler  
  37  7:49  Spore Crawler  
  32  8:01  Spore Crawler  
  30  8:09  Drone x3  
  30  8:10  Drone  
  30  8:11  Drone  
  35  8:17  Hydralisk Den  
  30  8:20  Hydralisk Den  
  30  8:23  Drone x7  
  30  8:24  Drone x3  
Tags
 
Add a new tag
Caveats
  • Supply blocks, unpowered buildings, or Contaminate may cause inaccurate times.
  • Supply counts are checked every 10 seconds.